 Dungeon Crawl Stone Soup version 0.17-a0-1195-g0639cb0 (webtiles) character file.

614844 Herrn the Slayer (level 27, -16/278 HPs)
             Began as a Naga Fighter on June 1, 2015.
             Was the Champion of Okawaru.
             Demolished by a death ooze (29 damage)
             ... created by the royal jelly
             ... on level 6 of the Pits of Slime on June 2, 2015.
             The game lasted 04:38:57 (76118 turns).

Herrn the Slayer (Naga Fighter)                    Turns: 76118, Time: 04:38:58

Health: -16/278    AC:  3    Str: 35    XL:     27
Magic:  27/32      EV: 16    Int: 24    God:    Okawaru [******]
Gold:   8373       SH: 22    Dex: 16    Spells: 6 memorised, 10 levels left

rFire  + + .     SeeInvis +     v - +8 broad axe of Maogat {speed, rF+ rN+ Int+4}
rCold  + + .     Clarity  +     Q - +0 chain mail of Okawaru's Esteem {rC+ rCorr}
rNeg   + + +     SustAt   +     X - +4 shield of the Forgotten Places {Str+2 Int+4}
rPois  +         Gourm    .     w - +1 hat {Int+3}
rElec  .         Spirit   .     N - +1 cloak {rC+}
rCorr  +         Warding  .     d - +2 pair of gloves {Str+3}
rMut   .         Stasis   .     a - +0 naga barding of Yxziohut {+Inv rF+ Regen+}
MR     +++++                    W - amulet of the Four Winds {Clar rN+ MR+++}
Stlth  ..........               K - ring of positive energy
                                G - ring of the Traitor {SustAt Str+6 Int+2 Slay+2}

@: heroism, finesse, corroded equipment, very slightly contaminated, hasted,
studying Long Blades, quick, almost entirely resistant to hostile enchantments,
extremely unstealthy
A: claws 1, see invisible, deformed body, mutation resistance 1, poison
resistance, slowness 2, slow metabolism 1, spit poison 2, no device heal 1,
constrict 1, AC +9
a: Spit Poison, Heroism, Finesse, Renounce Religion, Evoke Invisibility
}: 3/15 runes: decaying, serpentine, silver


You were on level 6 of the Pits of Slime.
You worshipped Okawaru.
Okawaru was exalted by your worship.
You were not hungry.

You visited 10 branches of the dungeon, and saw 55 of its levels.
You visited 1 bazaar.
You also visited: Ice Cave and Volcano.

You collected 9172 gold pieces.
You spent 799 gold pieces at shops.

Inventory:

Hand weapons
 i - the +7 broad axe of the Turnip {flame, Str+3 SInv}
   (Okawaru gifted it to you on level 4 of the Orcish Mines)

   It has been specially enchanted to burn those struck by it, causing extra
   injury to most foes and up to half again as much damage against particularly
   susceptible opponents.
   Big, fiery blades are also staple armaments of hydra-hunters.
   It affects your strength (+3).
   It lets you see invisible.
 n - the +10 demon whip of the Traitor {flame, *Contam rPois rN+ Dex+2}
   (You took it off a deep elf demonologist on level 3 of the Elven Halls)

   It has been specially enchanted to burn those struck by it, causing extra
   injury to most foes and up to half again as much damage against particularly
   susceptible opponents.
   It affects your dexterity (+2).
   It protects you from poison.
   It protects you from negative energy.
   It causes magical contamination when unequipped.
 v - the +8 broad axe of Maogat (weapon) {speed, rF+ rN+ Int+4}
   (Okawaru gifted it to you on level 5 of the Depths)

   Attacks with this weapon are significantly faster.
   It affects your intelligence (+4).
   It protects you from fire.
   It protects you from negative energy.
 C - a +1 broad axe of freezing
Armour
 a - the +0 naga barding of Yxziohut (worn) {+Inv rF+ Regen+}
   (Okawaru gifted it to you on level 5 of the Vaults)

   It protects you from fire.
   It lets you turn invisible.
   It increases your rate of regeneration.
 d - a +2 pair of gloves of strength (worn)
 q - the +1 naga barding of Refuge {rElec Int+4 Dex+3}
   (Okawaru gifted it to you on level 1 of the Snake Pit)

   It affects your intelligence (+4).
   It affects your dexterity (+3).
   It insulates you from electricity.
 w - a +1 hat of intelligence (worn)
 A - a +12 gold dragon armour
 E - a +1 pair of gloves of cold resistance
 M - the +0 naga barding "Laofum" {rF+ rC+}
   (You acquired it on level 4 of the Vaults)

   It protects you from fire.
   It protects you from cold.
 N - a +1 cloak of cold resistance (worn)
 O - the -2 pair of gloves of Fute {rPois rC+ Dex+2}
   (You acquired it on level 3 of the Elven Halls)

   It affects your dexterity (+2).
   It protects you from cold.
   It protects you from poison.
 Q - the +0 chain mail of Okawaru's Esteem (worn) {rC+ rCorr}
   (You bought it in a shop on level 3 of the Orcish Mines)

   It protects you from cold.
   It protects you from acid and corrosion.
 X - the +4 shield of the Forgotten Places (worn) {Str+2 Int+4}
   (You took it off a deep elf death mage on level 3 of the Elven Halls)

   It affects your strength (+2).
   It affects your intelligence (+4).
 Z - a +2 cloak of magic resistance
Jewellery
 c - an uncursed ring of protection from fire
 k - an uncursed amulet of warding
 G - the ring of the Traitor (left hand) {SustAt Str+6 Int+2 Slay+2}
   (You took it off a spriggan berserker on level 4 of the Depths)

   [ring of sustain attributes]

   It sustains your strength, intelligence and dexterity.
   It affects your strength (+6).
   It affects your intelligence (+2).
   It affects your accuracy and damage with ranged weapons and melee attacks
   (+2).
 K - a ring of positive energy (right hand)
 T - an uncursed amulet of resist corrosion
 W - the amulet of the Four Winds (around neck) {Clar rN+ MR+++}
   (You took it off a deep elf demonologist on level 5 of the Vaults)

   [amulet of clarity]

   It provides mental clarity.
   It protects you from negative energy.
   It affects your resistance to hostile enchantments.
Magical devices
 g - a wand of disintegration (23)
 r - a wand of hasting (5)
 J - a wand of teleportation (4)
 L - a wand of heal wounds (7)
 P - a wand of teleportation (7)
 S - a wand of hasting (4)
Scrolls
 b - 12 scrolls of magic mapping
 h - 17 scrolls of remove curse
 l - 6 scrolls of immolation
 m - 12 scrolls of recharging
 y - 10 scrolls of teleportation
 z - a scroll of blinking
 B - 12 scrolls of amnesia
 F - 5 scrolls of enchant weapon
 I - a scroll of enchant armour
 V - 2 scrolls of silence
 Y - 11 scrolls of identify
Potions
 f - 4 potions of magic
 j - a potion of resistance
 o - 2 potions of haste
 s - 8 potions of agility
 t - 12 potions of curing
 u - 3 potions of might
 U - a potion of cure mutation
Books
 R - a manual of Long Blades
Comestibles
 e - 6 bread rations
 p - 27 meat rations
 x - 9 beef jerkies


   Skills:
 + Level 22.3(27) Fighting
 - Level 20.4(25.4) Axes
 - Level 12.0(17.0) Armour
 + Level 13.5(18.5) Dodging
 - Level 16.1(21.1) Shields
 - Level 6.5 Spellcasting
 * Level 12.8 Necromancy
 * Level 15.1 Translocations
 * Level 15.6 Transmutations
 - Level 7.0 Invocations


You had 10 spell levels left.
You knew the following spells:

 Your Spells              Type           Power        Failure   Level  Hunger
a - Dispel Undead         Necr           ######..     3%          5    #####..
b - Passage of Golubria   Tloc           N/A          1%          4    ###....
c - Statue Form           Trmt/Erth      #####....    96%         6    ######.
d - Regeneration          Chrm/Necr      #####.....   4%          3    None
e - Gell's Gravitas       Hex/Tloc       #####.....   2%          3    None
f - Necromutation         Trmt/Necr      ######....   100%        8    #######


Dungeon Overview and Level Annotations

Branches:
Dungeon (15/15)            Temple (1/1) D:7            Lair (8/8) D:9
  Swamp (4/4) Lair:6        Snake (4/4) Lair:3        Slime (6/6) Lair:8
    Orc (4/4) D:10            Elf (3/3) Orc:3        Vaults (5/5) D:13
  Crypt (0/3) Vaults:3     Depths (5/5) D:15            Zot (0/5) Depths:5

Altars:
Ashenzari
Cheibriados
Dithmenos
Elyvilon
Fedhas
Gozag
Kikubaaqudgha
Makhleb
Nemelex Xobeh
Okawaru
Qazlal
Ru
Sif Muna
Trog
Vehumet
Xom
Yredelemnul
Zin
The Shining One
Beogh

Shops:
D:8 %   D:14 *   D:15 *   Orc:3 [   Orc:4 [*[=*   Snake:1 (   Depths:1 *

Portals:
Hell: Depths:1 Depths:2 Depths:3 Depths:4 Depths:5
Abyss: Depths:4
Pandemonium: Depths:2 Depths:3
Ziggurat: Depths:5
Trove: Depths:3 (give +5 ice dragon armour)


Innate Abilities, Weirdness & Mutations

You cannot wear boots.
Your serpentine skin is tough (AC +9).
You have supernaturally acute eyesight.
Armour fits poorly on your strangely shaped body.
Your system is resistant to poisons.
You cover ground very slowly.
You have a slow metabolism.
You can spit poison.
You can use your snake-like lower body to constrict enemies.
You have sharp fingernails.
You are somewhat resistant to further mutation.
Potions and wands are less effective at restoring your health.


Message History

You hit the acid blob but do no damage.
Your hands burn!
* * * LOW HITPOINT WARNING * * *
The acid blob is almost dead.
You slash the azure jelly!
The azure jelly is severely wounded.
You slash the azure jelly!
You kill the azure jelly!
That felt strangely unrewarding.
You block the azure jelly's attack. You block the azure jelly's attack.
The azure jelly hits you!
* * * LOW HITPOINT WARNING * * *
The azure jelly misses you. The acid blob hits you!!
* * * LOW HITPOINT WARNING * * *
You are splashed with acid!
The acid corrodes you!
The acid burns!
You resist.
* * * LOW HITPOINT WARNING * * *
Unknown command.
Drink which item? (? for menu, Esc to quit)
You feel better.
Your jelly closely misses the death ooze.
The death ooze hits you!!
You die...

#### ####..###
####.....#.##
##.##..G.....###
#####....JJG........
#.#.#...J.J@J.......
#.#.......JJ........
#.........JJ........
#####...................
##.#.....................
#.#......................
.........................
.........................
.........................


You could see 3 acid blobs, 3 azure jellies, 2 death oozes, 2 friendly eyes of
draining and a friendly jelly.

Vanquished Creatures
  the royal jelly (Slime:6)
  An ancient lich (Vaults:5)
  Mara (Swamp:4)
  Sojobo (Vaults:5)
  Boris (Depths:4)
  Frederick (Depths:3)
  Margery (Depths:3)
  2 caustic shrikes (Depths:4)
  2 golden dragons
  A bone dragon (Swamp:4)
  Jorgrun (Depths:1)
  7 tentacled monstrosities
  2 liches (Depths:3)
  4 titans
  18 acid blobs
  2 deep elf blademasters
  A deep elf master archer (Elf:3)
  A quicksilver dragon (Depths:5)
  7 sphinxes
  Agnes (D:15)
  5 storm dragons
  7 tengu reavers
  4 shadow dragons
  4 draconian monks (Depths:5)
  13 greater nagas
  Wiglaf (Elf:2)
  8 azure jellies
  Donald (Elf:2)
  12 fire giants
  2 orc warlords
  13 frost giants
  6 deep elf sorcerers
  A draconian scorcher (Depths:5)
  13 vault wardens
  A balrug (Depths:2)
  Aizul (Elf:1)
  Louise (Depths:4)
  2 iron dragons
  A caustic shrike zombie (Depths:3)
  The ghost of Mulkerokala the Slicer, a powerful HuWn (Depths:1)
  26 ironheart preservers
  5 spriggan defenders
  An angel (Depths:5)
  29 very ugly things
  5 draconian annihilators (Depths:5)
  26 stone giants
  Nessos (Orc:3)
  A salamander firebrand (Depths:5)
  9 rakshasas
  11 deep elf demonologists
  3 vampire knights
  3 green draconians (Depths:5)
  6 dire elephants (Lair:8)
  2 red draconians (Depths:5)
  17 deep elf annihilators
  6 purple draconians
  5 white draconians (Depths:5)
  Snorg (D:13)
  2 blizzard demons (IceCv)
  6 jiangshi
  5 death oozes
  11 fire dragons
  6 deep elf death magi
  11 great orbs of eyes
  A merfolk impaler (Depths:4)
  3 deep elf high priests
  15 ettins
  13 yaktaur captains
  34 vault guards
  Harold (D:12)
  21 naga warriors
  Erolcha (Orc:3)
  5 entropy weavers
  6 spriggan air magi
  16 centaur warriors
  15 ogre magi
  15 ice dragons
  A catoblepas (shapeshifter) (Elf:3)
  17 hydras
  20 anacondas
  4 ghost crabs (Swamp:4)
  5 salamander stormcallers
  14 dancing weapons (Elf:2)
  A satyr (shapeshifter) (Depths:3)
  25 deep troll earth magi
  13 shock serpents
  9 deep troll shamans
  8 alligators
  A death yak (D:9)
  9 tengu warriors
  The ghost of acidapple the Thaumaturge, a powerful HECj of Makhleb (IceCv)
  5 spriggan berserkers
  3 orc high priests (Orc:4)
  5 vampire magi
  5 naga sharpshooters
  26 deep elf knights
  2 sun demons (Depths:2)
  2 shadow wraiths
  A fire crab (Lair:8)
  17 hell knights
  6 salamander mystics
  7 iron trolls
  7 giant orange brains
  5 swamp dragons
  2 flayed ghosts
  61 deep trolls
  3 spriggan druids
  3 death drakes
  A shambling mangrove (Swamp:3)
  4 unseen horrors
  5 spectral hydras (Swamp:4)
  5 ice devils (IceCv)
  2 ice statues (IceCv)
  3 wizards
  7 naga ritualists
  9 deep elf summoners
  Pikel (D:5)
  17 ironbrand convokers
  A shadow dragon zombie (Vaults:5)
  14 lindwurms
  2 phantasmal warriors
  5 griffons
  12 mana vipers
  2 hornets
  18 deep elf conjurers
  2 tengu skeletons
  4 hill giants
  A shining eye (shapeshifter) (Vaults:3)
  4 shining eyes
  89 ugly things
  9 orc sorcerers
  10 orc knights
  A stone giant zombie (Vaults:5)
  8 necromancers
  3 wolf spiders
  A manticore (D:11)
  A salamander (shapeshifter) (Elf:1)
  8 cyclopes
  8 oklob plants
  11 elephants
  A cyclops (shapeshifter) (Depths:3)
  A black mamba (shapeshifter) (Depths:1)
  25 salamanders
  A fire giant skeleton (Depths:4)
  33 naga magi
  A rust devil (Depths:4)
  4 centaur zombies
  Maurice (D:12)
  15 vault sentinels
  A human skeleton (Vaults:3)
  Joseph (D:7)
  25 spiny frogs
  50 black mambas
  5 torpor snails
  Psyche (D:8)
  A guardian serpent (shapeshifter) (Depths:4)
  A hellion (Vaults:5)
  5 eyes of devastation
  12 guardian serpents
  2 gargoyles
  5 tengu conjurers
  4 swamp worm zombies (Swamp:4)
  A yaktaur zombie (Vaults:3)
  A kobold demonologist (D:14)
  5 komodo dragons
  40 yaktaurs
  8 blue devils (IceCv)
  3 jumping spiders
  8 freezing wraiths
  31 deep elf priests
  3 hydra zombies (Swamp:4)
  3 fire drakes
  A wind drake (Depths:5)
  The ghost of Mulkerokala the Chopper, an average HOFi (D:4)
  A polar bear (Lair:7)
  4 giant leeches
  A fire vortex (Vaults:3)
  Grinder (D:6)
  4 spectral swamp dragons (Swamp:4)
  25 two-headed ogres
  A spectral hornet (Swamp:4)
  A stone giant simulacrum (Vaults:2)
  3 alligator zombies (Swamp:4)
  25 ravens
  A tengu simulacrum (Depths:4)
  17 blink frogs
  6 boulder beetles
  13 bog bodies
  A frost giant simulacrum (Vaults:5)
  128 slime creatures
  6 air elementals
  6 trolls
  4 water elementals (Depths:4)
  12 spriggans
  Sigmund (D:5)
  5 shadows
  95 yaks
  34 deep elf magi
  A human (D:13)
  A vampire (Depths:4)
  28 redbacks
  A human (shapeshifter) (D:14)
  2 tarantellas (shapeshifter)
  A hill giant zombie (D:10)
  4 hungry ghosts
  5 tarantellas
  10 golden eyes
  50 deep elf fighters
  2 redbacks (shapeshifter)
  5 basilisks
  A hippogriff (shapeshifter) (Depths:2)
  12 hippogriffs
  3 wraiths
  2 wyverns
  2 yaks (shapeshifter) (Depths:3)
  24 vampire mosquitoes
  A spectral octopode (Swamp:4)
  A mottled dragon (D:14)
  A basilisk (shapeshifter) (Depths:3)
  2 human simulacra
  A spriggan simulacrum (Depths:3)
  13 insubstantial wisps
  3 wargs
  A soldier ant (D:13)
  32 swamp worms
  A neqoxec (Depths:3)
  20 water moccasins
  42 nagas
  14 swamp drakes
  17 wolves
  19 ice beasts
  45 orc warriors
  A black bear (D:9)
  2 necrophages
  A spider (shapeshifter) (Depths:4)
  4 swamp dragon zombies (Swamp:4)
  A black bear (shapeshifter) (Vaults:1)
  13 porcupines
  6 eyes of draining
  14 phantoms
  A slave (D:5)
  12 wasps
  26 centaurs
  62 ogres
  6 sky beasts
  A tengu (shapeshifter) (Elf:2)
  A sky beast (shapeshifter) (Vaults:2)
  5 boggarts
  13 crocodiles
  A gnoll sergeant (D:8)
  2 human zombies
  6 big kobolds
  A wyvern skeleton (D:10)
  A glowing shapeshifter simulacrum (Depths:4)
  24 giant frogs
  4 scorpions
  12 killer bees
  2 electric eels
  4 wights
  8 crimson imps
  31 orc priests
  10 hounds
  A quasit (D:12)
  A hound (shapeshifter) (Elf:1)
  Crazy Yiuf (D:2)
  Ijyb (D:3)
  A giant frog skeleton (D:11)
  23 jellies
  2 gnoll shamans
  Jessica (D:3)
  16 worker ants
  6 hell rats
  9 iguanas
  A spectral swamp drake (Swamp:4)
  41 orc wizards
  26 sheep
  A killer bee zombie (D:11)
  7 ogre zombies (D:10)
  Robin (D:2)
  12 adders
  20 gnolls
  38 river rats
  7 white imps
  7 shadow imps
  13 ufetubi
  2 oozes
  An adder skeleton (D:8)
  9 worms
  3 giant geckos
  209 orcs
  A bat zombie (D:8)
  5 giant cockroaches
  20 hobgoblins
  21 jackals
  4 quokkas
  6 ball pythons
  14 bats
  A giant gecko skeleton (D:7)
  5 giant newts
  2 gnoll zombies (D:6)
  39 goblins
  A goblin skeleton (D:10)
  2 goblin zombies (D:10)
  5 hobgoblin zombies (D:10)
  35 kobolds
  16 orc zombies (D:10)
  A quokka skeleton (D:6)
  18 rats
  3 crawling corpses
  5 fungi
  12 plants
3066 creatures vanquished.

Vanquished Creatures (collateral kills)
  An acid blob (Slime:6)
  An azure jelly (Slime:6)
2 creatures vanquished.

Vanquished Creatures (others)
  3 acid blobs (Slime:6)
  A tengu reaver (Depths:3)
  The ghost of Mulkerokala the Severer, a powerful HOFi of Beogh (IceCv)
  An ettin (Vaults:5)
  A deep elf high priest (Elf:3)
  An ogre mage (Vaults:5)
  A small abomination (Vaults:5)
  A deep troll (Vaults:5)
  2 ugly things (Vaults:3)
  A guardian serpent (Snake:4)
  A hornet (Swamp:4)
  A deep elf priest (Vaults:3)
  A fire vortex (Vaults:3)
  2 deep elf magi
  A deep elf fighter (Elf:2)
  4 insubstantial wisps (Swamp:4)
  A warg (Orc:3)
  A centaur (D:13)
  A boggart (Depths:4)
  2 jellies
  An orc priest (Orc:3)
  An orc wizard (Orc:2)
  An adder (D:2)
  An ufetubus (IceCv)
  6 orcs
  8 fungi
  4 plants
50 creatures vanquished.

Grand Total: 3118 creatures vanquished

Notes
Turn   | Place    | Note
--------------------------------------------------------------
     0 | D:1      | Herrn the Naga Fighter began the quest for the Orb.
     0 | D:1      | Reached XP level 1. HP: 21/21 MP: 1/1
   162 | D:1      | Reached XP level 2. HP: 16/28 MP: 2/2
   696 | D:2      | Reached XP level 3. HP: 29/34 MP: 3/3
  1012 | D:2      | Found a sacrificial altar of Ru.
  1013 | D:2      | Noticed Robin
  1042 | D:2      | Killed Robin
  1100 | D:2      | Reached XP level 4. HP: 42/42 MP: 4/4
  1604 | D:2      | Noticed Crazy Yiuf
  1666 | D:2      | Killed Crazy Yiuf
  1666 | D:2      | Reached XP level 5. HP: 12/49 MP: 5/5
  2177 | D:3      | Reached skill level 1 in Dodging
  2454 | D:3      | Noticed Jessica
  2461 | D:3      | Killed Jessica
  2742 | D:3      | Reached XP level 6. HP: 55/57 MP: 6/6
  2809 | D:3      | Noticed Ijyb
  2821 | D:3      | Killed Ijyb
  2876 | D:3      | Reached skill level 4 in Axes
  3075 | D:4      | Found a sparkling altar of Nemelex Xobeh.
  3508 | D:4      | Reached XP level 7. HP: 63/63 MP: 7/7
  3594 | D:4      | Noticed Mulkerokala's ghost (average HOFi)
  3612 | D:4      | Killed Mulkerokala's ghost
  3612 | D:4      | Reached skill level 5 in Axes
  3882 | D:4      | Found a sacrificial altar of Ru.
  3990 | D:5      | Entered Level 5 of the Dungeon
  4112 | D:5      | Reached XP level 8. HP: 37/72 MP: 8/8
  4332 | D:5      | Found an opulent altar of Gozag.
  4353 | D:5      | Found a deep blue altar of Sif Muna.
  4401 | D:5      | Noticed Pikel
  4402 | D:5      | Noticed Sigmund
  4432 | D:5      | Killed Pikel
  4432 | D:5      | Reached skill level 6 in Axes
  4559 | D:5      | Killed Sigmund
  4559 | D:5      | Reached skill level 5 in Fighting
  4559 | D:5      | Reached skill level 7 in Axes
  4589 | D:5      | Found a shattered altar of Ashenzari.
  4706 | D:5      | Reached XP level 9. HP: 76/81 MP: 9/9
  5074 | D:6      | Reached skill level 5 in Shields
  5131 | D:6      | Found a blossoming altar of Fedhas.
  5224 | D:6      | Reached skill level 8 in Axes
  5431 | D:6      | Noticed Grinder
  5436 | D:6      | Paralysed by Grinder for 3 turns
  5451 | D:6      | Paralysed by Grinder for 6 turns
  5470 | D:6      | Killed Grinder
  5606 | D:6      | Found a basalt altar of Yredelemnul.
  5712 | D:7      | Found a staircase to the Ecumenical Temple.
  5721 | Temple   | Entered the Ecumenical Temple
  5784 | Temple   | Became a worshipper of Warmaster Okawaru
  5914 | D:7      | Reached skill level 1 in Invocations
  6095 | D:7      | Noticed Joseph
  6108 | D:7      | Killed Joseph
  6108 | D:7      | Acquired Okawaru's first power
  6185 | D:7      | Reached skill level 9 in Axes
  6286 | D:7      | Reached XP level 10. HP: 87/91 MP: 11/11
  6700 | D:8      | Found Sosaywku's Food Shop.
  7542 | D:8      | Reached skill level 5 in Armour
  8104 | D:8      | Noticed Psyche
  8119 | D:8      | Killed Psyche
  8119 | D:8      | Reached skill level 10 in Axes
  8406 | D:8      | Found a white marble altar of Elyvilon.
  8406 | D:8      | Found a glowing golden altar of the Shining One.
  8407 | D:8      | Found a glowing silver altar of Zin.
  8633 | D:9      | Noticed a death yak
  8662 | D:9      | Killed a death yak
  8909 | D:9      | Found a staircase to the Lair.
  8928 | D:9      | Reached XP level 11. HP: 87/99 MP: 14/14
  9409 | D:9      | Reached skill level 5 in Invocations
  9768 | D:10     | Entered Level 10 of the Dungeon
  9849 | D:10     | Noticed an unseen horror
  9866 | D:10     | Killed an unseen horror
  9866 | D:10     | Reached skill level 11 in Axes
 10215 | D:10     | Found a staircase to the Orcish Mines.
 10731 | D:10     | Acquired Okawaru's second power
 11827 | D:11     | Received a gift from Okawaru
 12195 | D:11     | Reached skill level 12 in Axes
 12195 | D:11     | Reached XP level 12. HP: 77/110 MP: 16/16
 13168 | D:12     | Received a gift from Okawaru
 13173 | D:12     | Got an ancient naga barding {god gift}
 13179 | D:12     | Identified the -6 naga barding of the Poles {rF+ Str+5 Int+3} (Okawaru gifted it to you on level 12 of the Dungeon)
 13210 | D:12     | Noticed Harold
 13236 | D:12     | Killed Harold
 13357 | D:12     | Found a shimmering altar of Xom.
 13432 | D:12     | Reached skill level 13 in Axes
 13740 | D:12     | Noticed Maurice
 13760 | D:12     | Killed Maurice
 14106 | Orc:1    | Entered Level 1 of the Orcish Mines
 15497 | Orc:3    | Found a roughly hewn altar of Beogh.
 15517 | Orc:3    | Noticed an orc warlord
 15518 | Orc:3    | Noticed Nessos
 15519 | Orc:3    | Noticed Erolcha
 15523 | Orc:3    | Gained mutation: You can use your snake-like lower body to constrict enemies. [Naga growth]
 15523 | Orc:3    | Reached XP level 13. HP: 109/118 MP: 15/18
 15529 | Orc:3    | Killed an orc warlord
 15529 | Orc:3    | Received a gift from Okawaru
 15590 | Orc:3    | Killed Erolcha
 15590 | Orc:3    | Reached skill level 14 in Axes
 15877 | Orc:3    | Found Ysaynys's Antique Armour Boutique.
 15878 | Orc:3    | Found a staircase to the Elven Halls.
 16031 | Orc:3    | Killed Nessos
 16065 | Orc:3    | Bought a heavily runed chain mail for 256 gold pieces
 16075 | Orc:3    | Identified the cursed +0 chain mail of Okawaru's Esteem {rC+ rCorr} (You bought it in a shop on level 3 of the Orcish Mines)
 16440 | Orc:4    | Entered Level 4 of the Orcish Mines
 16603 | Orc:4    | Found Lyezar's Assorted Antiques.
 17047 | Orc:4    | Noticed an orc warlord
 17069 | Orc:4    | Killed an orc warlord
 17849 | Orc:4    | Found Idizow's Armour Shoppe.
 18519 | Orc:4    | Reached skill level 5 in Dodging
 18756 | Orc:4    | Found Focior's Jewellery Shoppe.
 18774 | Orc:4    | Received a gift from Okawaru
 18782 | Orc:4    | Got an encrusted broad axe {god gift}
 18785 | Orc:4    | Identified the +7 broad axe of the Turnip {flame, Str+3 SInv} (Okawaru gifted it to you on level 4 of the Orcish Mines)
 18882 | Orc:4    | Found Upof's Assorted Antiques.
 18897 | Orc:4    | Found Umuphoph's Armour Boutique.
 18903 | Orc:4    | Bought a scroll labeled MEIWOM KUUKAMA for 29 gold pieces
 18907 | Orc:4    | Bought a scroll of identify for 58 gold pieces
 18998 | Orc:4    | Reached skill level 15 in Axes
 19343 | Lair:1   | Entered Level 1 of the Lair of Beasts
 19876 | Lair:1   | Reached XP level 14. HP: 121/129 MP: 19/19
 21057 | Lair:2   | Reached XP level 15. HP: 136/136 MP: 20/20
 21239 | Lair:3   | Received a gift from Okawaru
 21316 | Lair:3   | Found a staircase to the Snake Pit.
 21339 | Lair:3   | Reached skill level 16 in Axes
 21572 | Lair:2   | Reached skill level 10 in Fighting
 21924 | Lair:3   | Found a bloodstained altar of Trog.
 22237 | Lair:4   | Gained mutation: You passively map a small area around you. [potion of mutation]
 22237 | Lair:4   | Gained mutation: You are resistant to hostile enchantments. [potion of mutation]
 22237 | Lair:4   | Gained mutation: Your magical capacity is low (-10% MP). [potion of mutation]
 22238 | Lair:4   | Gained mutation: You occasionally shout uncontrollably at your foes. [potion of mutation]
 22238 | Lair:4   | Gained mutation: You have a pair of small horns on your head. [potion of mutation]
 22238 | Lair:4   | Gained mutation: You can exhale a cloud of poison. [potion of mutation]
 22239 | Lair:4   | Gained mutation: Your muscles are strong. (Str +2) [potion of mutation]
 22239 | Lair:4   | Lost mutation: You can exhale a cloud of poison. [potion of mutation]
 23129 | Lair:5   | Found a hole to the Spider Nest.
 23182 | Lair:5   | Found a dark tunnel.
 23190 | Volcano  | Entered a volcano
 23269 | Volcano  | Received a gift from Okawaru
 24063 | Lair:6   | Found a staircase to the Swamp.
 24657 | Lair:7   | Reached skill level 17 in Axes
 25216 | Lair:8   | Entered Level 8 of the Lair of Beasts
 25394 | Lair:8   | Reached XP level 16. HP: 130/147 MP: 19/19
 26281 | Lair:8   | Found a staircase to the Slime Pits.
 27097 | Lair:8   | Reached skill level 18 in Axes
 27423 | Lair:8   | Received a gift from Okawaru
 27592 | Lair:8   | Reached skill level 10 in Shields
 27892 | Swamp:1  | Entered Level 1 of the Swamp
 28166 | Swamp:1  | Found a radiant altar of Vehumet.
 28783 | Swamp:2  | Received a gift from Okawaru
 29764 | Swamp:3  | Reached XP level 17. HP: 145/157 MP: 20/20
 30047 | Swamp:3  | Reached skill level 19 in Axes
 30359 | Swamp:4  | Entered Level 4 of the Swamp
 30537 | Swamp:4  | Noticed Mara
 30551 | Swamp:4  | Killed Mara
 30810 | Swamp:4  | Gained mutation: Your tail ends in a poisonous barb. [potion of mutation]
 30810 | Swamp:4  | Gained mutation: You are clumsy. (Dex -2) [potion of mutation]
 30877 | Swamp:4  | Received a gift from Okawaru
 32109 | Snake:1  | Entered Level 1 of the Snake Pit
 32152 | Lair:3   | Reached skill level 10 in Armour
 32566 | Snake:1  | Found Uhuhaph's Weapon Shop.
 33120 | Snake:1  | Received a gift from Okawaru
 33123 | Snake:1  | Got a translucent naga barding {god gift}
 33153 | Snake:1  | Identified the +1 naga barding of Refuge {rElec Int+4 Dex+3} (Okawaru gifted it to you on level 1 of the Snake Pit)
 33171 | Snake:1  | Learned a level 7 spell: Dragon Form
 33176 | Snake:1  | Learned a level 4 spell: Passage of Golubria
 33561 | Snake:1  | Reached skill level 1 in Translocations
 33750 | Snake:1  | Reached skill level 1 in Transmutations
 34069 | Snake:2  | Reached skill level 20 in Axes
 34377 | Snake:3  | Found a frozen archway.
 34396 | IceCv    | Entered an ice cave
 34396 | IceCv    | Noticed acidapple's ghost (powerful HECj)
 34403 | IceCv    | Killed acidapple's ghost
 34403 | IceCv    | Reached XP level 18. HP: 152/167 MP: 18/20
 34579 | IceCv    | Killed Mulkerokala's ghost
 35691 | Snake:3  | Found an ancient bone altar of Kikubaaqudgha.
 35909 | Snake:3  | Received a gift from Okawaru
 35912 | Snake:3  | Got a distressingly furry chain mail {god gift}
 35925 | Snake:3  | Identified the +0 chain mail of Zas Ocs {Str+6 Int+7} (Okawaru gifted it to you on level 3 of the Snake Pit)
 37079 | Snake:4  | Entered Level 4 of the Snake Pit
 37531 | Snake:4  | Reached skill level 5 in Transmutations
 38010 | Snake:4  | Received a gift from Okawaru
 38010 | Snake:4  | Reached XP level 19. HP: 99/177 MP: 18/21
 38961 | Snake:4  | Reached skill level 5 in Translocations
 39256 | Snake:4  | Received a gift from Okawaru
 39852 | Snake:4  | Received a gift from Okawaru
 39855 | Snake:4  | Got a steaming robe {god gift}
 40191 | Snake:4  | Got a serpentine rune of Zot
 40785 | D:13     | Noticed Snorg
 40790 | D:13     | Killed Snorg
 40854 | D:13     | Identified the +2 robe of Hyvamuu {SInv Stlth+} (Okawaru gifted it to you on level 4 of the Snake Pit)
 41102 | D:13     | Found a gate to the Vaults.
 41818 | D:14     | Found a basalt altar of Yredelemnul.
 42267 | D:14     | Found Nasas's Assorted Antiques.
 42426 | D:15     | Entered Level 15 of the Dungeon
 42426 | D:15     | Noticed Agnes
 42439 | D:15     | Killed Agnes
 42439 | D:15     | Reached XP level 20. HP: 181/188 MP: 22/22
 42536 | D:15     | Gained mutation: You expend magic power (3 MP) to strengthen your wands. [potion of mutation]
 42536 | D:15     | Gained mutation: You are partially covered in icy blue scales (AC +1). [potion of mutation]
 42537 | D:15     | Lost mutation: You occasionally shout uncontrollably at your foes. [potion of mutation]
 42540 | D:15     | Found Peonam's General Store.
 42966 | D:15     | Found a staircase to the Depths.
 43048 | D:15     | Received a gift from Okawaru
 43252 | D:15     | Gained mutation: You have sharp fingernails. [potion of mutation]
 43296 | Depths:1 | Entered Level 1 of the Depths
 43298 | Depths:1 | Noticed Mulkerokala's ghost (powerful HuWn)
 43494 | Elf:1    | Entered Level 1 of the Elven Halls
 43906 | Elf:1    | Noticed Aizul
 43922 | Elf:1    | Killed Aizul
 45158 | Elf:2    | Noticed Donald
 45166 | Elf:2    | Killed Donald
 45248 | Elf:2    | Noticed Wiglaf
 45268 | Elf:2    | Killed Wiglaf
 45605 | Elf:2    | Found a huge runed gate.
 45605 | Elf:2    | Found a huge runed gate.
 45605 | Elf:2    | Found a huge runed gate.
 45606 | Elf:2    | Found a huge runed gate.
 45608 | Elf:2    | Found a huge runed gate.
 46136 | Elf:3    | Entered Level 3 of the Elven Halls
 46167 | Elf:3    | Received a gift from Okawaru
 46227 | Elf:3    | Reached XP level 21. HP: 77/198 MP: 20/23
 46800 | Elf:3    | Got a transparent pewter ring
 46802 | Elf:3    | Identified the ring of Ofadduv {rElec rF- Slay+2 SInv Stlth-} (You took it off a deep elf death mage on level 3 of the Elven Halls)
 46806 | Elf:3    | Got a faintly humming shield
 46824 | Elf:3    | Identified the +4 shield of the Forgotten Places {Str+2 Int+4} (You took it off a deep elf death mage on level 3 of the Elven Halls)
 47031 | Elf:3    | Got a fine steam dragon armour
 47045 | Elf:2    | Identified the cursed +0 steam dragon armour "Suebby" {rF+ MR- Str+8 Dex+2} (You took it off a deep elf death mage on level 3 of the Elven Halls)
 47215 | Elf:3    | Received a gift from Okawaru
 47223 | Elf:3    | Got a transparent demon whip {flame}
 47226 | Elf:3    | Identified the +10 demon whip of the Traitor {flame, *Contam rPois rN+ Dex+2} (You took it off a deep elf demonologist on level 3 of the Elven Halls)
 47859 | Elf:3    | Reached skill level 15 in Fighting
 48218 | Elf:3    | Got a bloodstained morningstar
 48263 | Elf:3    | Identified a scroll of acquirement
 48264 | Elf:3    | Identified the +5 morningstar "Gudockuv" {flame, rC+ Dex+7} (You took it off a deep elf mage on level 3 of the Elven Halls)
 48266 | Elf:3    | Got a pair of warped gloves
 48277 | Elf:3    | Identified the -2 pair of gloves of Fute {rPois rC+ Dex+2} (You acquired it on level 3 of the Elven Halls)
 48290 | Elf:3    | Got a polished battleaxe
 48291 | Elf:3    | Identified the cursed +0 battleaxe of Slow Death {drain, rC+ Dex+5} (You found it on level 3 of the Elven Halls)
 48347 | Elf:3    | Identified the Papyrus of Freezing Enhancements
 48356 | Elf:3    | Learned a level 6 spell: Statue Form
 48433 | Elf:3    | Learned a level 5 spell: Dispel Undead
 48614 | Vaults:1 | Entered Level 1 of the Vaults
 48760 | Vaults:1 | Reached skill level 1 in Necromancy
 49062 | Vaults:1 | Reached skill level 10 in Transmutations
 50157 | Vaults:2 | Reached XP level 22. HP: 210/210 MP: 24/24
 50167 | Vaults:2 | Received a gift from Okawaru
 50177 | Vaults:2 | Got a warped war axe {god gift}
 50178 | Vaults:2 | Identified the +3 war axe of Harmony {chop, *Rage Str+4 Dex+7} (Okawaru gifted it to you on level 2 of the Vaults)
 51369 | Vaults:2 | Reached skill level 10 in Translocations
 51669 | Vaults:3 | Received a gift from Okawaru
 51675 | Vaults:3 | Got a transparent cloak {god gift}
 51686 | Vaults:3 | Identified the -5 cloak of Ixzeull {Int+4} (Okawaru gifted it to you on level 3 of the Vaults)
 51788 | Vaults:3 | Reached skill level 5 in Necromancy
 52052 | Vaults:3 | Reached skill level 10 in Dodging
 52122 | Vaults:3 | Gained mutation: Your magical capacity is very low (-20% MP). [a shining eye]
 52124 | Vaults:3 | Gained mutation: You are frail (-10% HP). [a shining eye]
 52127 | Vaults:3 | Gained mutation: Potions and wands are less effective at restoring your health. [a shining eye]
 52130 | Vaults:3 | Lost mutation: Your magical capacity is very low (-20% MP). [potion of cure mutation]
 52130 | Vaults:3 | Lost mutation: Your tail ends in a poisonous barb. [potion of cure mutation]
 52130 | Vaults:3 | Lost mutation: You expend magic power (3 MP) to strengthen your wands. [potion of cure mutation]
 52130 | Vaults:3 | Lost mutation: Your muscles are strong. (Str +2) [potion of cure mutation]
 52131 | Vaults:3 | Lost mutation: You are partially covered in icy blue scales (AC +1). [potion of cure mutation]
 52131 | Vaults:3 | Lost mutation: You passively map a small area around you. [potion of cure mutation]
 52131 | Vaults:3 | Lost mutation: You are frail (-10% HP). [potion of cure mutation]
 52131 | Vaults:3 | Lost mutation: You are clumsy. (Dex -2) [potion of cure mutation]
 52131 | Vaults:3 | Lost mutation: Your magical capacity is low (-10% MP). [potion of cure mutation]
 52131 | Vaults:3 | Lost mutation: You have a pair of small horns on your head. [potion of cure mutation]
 52131 | Vaults:3 | Lost mutation: You are resistant to hostile enchantments. [potion of cure mutation]
 52462 | Vaults:3 | Found a staircase to the Crypt.
 53129 | Vaults:4 | Found a flickering gateway to a bazaar.
 53151 | Bazaar   | Entered a bazaar
 53160 | Bazaar   | Found Aneshol's Book Shop.
 53181 | Bazaar   | Found Zorr's Weapon Boutique.
 53181 | Bazaar   | Found Opreff's Antique Armour Boutique.
 53208 | Bazaar   | Found Towin's Jewellery Boutique.
 53216 | Bazaar   | Bought a cursed -3 ring of slaying for 16 gold pieces
 53285 | Bazaar   | Bought a book of Battle for 440 gold pieces
 53299 | Bazaar   | Learned a level 3 spell: Regeneration
 53303 | Bazaar   | Learned a level 3 spell: Gell's Gravitas
 53454 | Vaults:4 | Reached skill level 1 in Spellcasting
 53568 | Vaults:4 | Got a dazzling naga barding
 53579 | Vaults:4 | Identified the +0 naga barding "Laofum" {rF+ rC+} (You acquired it on level 4 of the Vaults)
 53592 | Vaults:4 | Received a gift from Okawaru
 54025 | Vaults:4 | Reached XP level 23. HP: 210/218 MP: 28/28
 54717 | Depths:1 | Killed Mulkerokala's ghost
 54890 | Depths:1 | Found a gateway to Hell.
 55102 | Depths:1 | Found a glowing silver altar of Zin.
 55102 | Depths:1 | Found Ucza's Hallowed Reliquary.
 55175 | Depths:1 | Noticed Jorgrun
 55186 | Depths:1 | Killed Jorgrun
 55526 | Depths:2 | Received a gift from Okawaru
 56314 | Depths:2 | Reached skill level 15 in Shields
 56408 | Depths:2 | Received a gift from Okawaru
 56462 | Depths:2 | Found a one-way gate leading to the halls of Pandemonium.
 57075 | Depths:2 | Reached XP level 24. HP: 225/230 MP: 29/29
 57747 | Depths:3 | Noticed Margery
 57757 | Depths:3 | Killed Margery
 58290 | Depths:3 | Reached skill level 5 in Spellcasting
 59047 | Depths:3 | Noticed Frederick
 59057 | Depths:3 | Killed Frederick
 59280 | Depths:3 | Found a shattered altar of Ashenzari.
 59961 | Depths:3 | Found a portal to a secret trove of treasure.
 59993 | Depths:3 | Received a gift from Okawaru
 60570 | Depths:3 | Found a snail-covered altar of Cheibriados.
 60963 | Depths:4 | Noticed Louise
 61058 | Depths:4 | Found a one-way gate to the infinite horrors of the Abyss.
 61065 | Depths:4 | Killed Louise
 61766 | Depths:4 | Reached XP level 25. HP: 212/242 MP: 32/32
 61792 | Depths:4 | Upgraded the game from 0.17-a0-1181-gabc46e6 to 0.17-a0-1195-g0639cb0
 63182 | Depths:4 | You fall through a shaft!
 63182 | Depths:5 | Entered Level 5 of the Depths
 63416 | Depths:4 | Received a gift from Okawaru
 64179 | Depths:4 | Got a clouded bronze ring
 64180 | Depths:4 | Identified the ring of the Traitor {SustAt Str+6 Int+2 Slay+2} (You took it off a spriggan berserker on level 4 of the Depths)
 64708 | Depths:4 | Noticed Boris
 64716 | Depths:4 | Killed Boris
 64716 | Depths:4 | Received a gift from Okawaru
 65568 | Depths:5 | Found a gateway to a ziggurat.
 65872 | Depths:5 | Reached skill level 10 in Necromancy
 65872 | Depths:5 | Reached XP level 26. HP: 237/255 MP: 32/32
 66157 | Depths:5 | Received a gift from Okawaru
 66160 | Depths:5 | Got a bloodstained broad axe {god gift}
 66166 | Depths:5 | Identified the +8 broad axe of Maogat {speed, rF+ rN+ Int+4} (Okawaru gifted it to you on level 5 of the Depths)
 66856 | Depths:5 | Found a gate to the Realm of Zot.
 67042 | Depths:5 | Received a gift from Okawaru
 68326 | Swamp:4  | Noticed a bone dragon
 68349 | Swamp:4  | Killed a bone dragon
 68376 | Swamp:4  | Got a decaying rune of Zot
 68998 | Vaults:5 | Entered Level 5 of the Vaults
 69274 | Vaults:5 | Received a gift from Okawaru
 70217 | Vaults:5 | Noticed Sojobo
 70237 | Vaults:5 | Killed Sojobo
 70237 | Vaults:5 | Reached XP level 27. HP: 116/265 MP: 32/32
 70253 | Vaults:5 | Received a gift from Okawaru
 70713 | Vaults:5 | Gained mutation: You are somewhat resistant to further mutation. [potion of mutation]
 70851 | Vaults:5 | Learned a level 8 spell: Necromutation
 71135 | Vaults:5 | Got a bloodstained battleaxe
 71136 | Vaults:5 | Identified the cursed +1 battleaxe of a volcano {freeze, Dex+2 SInv} (You took it off an ironbrand convoker on level 5 of the Vaults)
 71142 | Vaults:5 | Got an iridescent hand axe {god gift}
 71143 | Vaults:5 | Identified the +7 hand axe "Acvuf" {drain, rN+} (Okawaru gifted it to you on level 5 of the Vaults)
 71232 | Vaults:5 | Noticed an ancient lich
 71240 | Vaults:5 | Killed an ancient lich
 71240 | Vaults:5 | Received a gift from Okawaru
 71240 | Vaults:5 | Reached skill level 21 in Fighting
 71240 | Vaults:5 | Reached skill level 15 in Transmutations
 71660 | Vaults:5 | Got a coiled lapis lazuli ring
 71661 | Vaults:5 | Identified the ring "Mirphu Cide" {MP-9 Int+7 Stlth+} (You found it on level 5 of the Vaults)
 72063 | Vaults:5 | Got a scintillating copper ring
 72064 | Vaults:5 | Identified the ring "Esizaog" {Ice rPois Dex+9 Stlth-} (You found it on level 5 of the Vaults)
 72293 | Vaults:5 | Received a gift from Okawaru
 72299 | Vaults:5 | Got a transparent naga barding {god gift}
 72312 | Vaults:5 | Identified the +0 naga barding of Yxziohut {+Inv rF+ Regen+} (Okawaru gifted it to you on level 5 of the Vaults)
 72365 | Vaults:5 | Got a silver rune of Zot
 73468 | Slime:1  | Entered Level 1 of the Pits of Slime
 75411 | Slime:5  | Reached skill level 22 in Fighting
 75476 | Slime:4  | Reached skill level 15 in Translocations
 75871 | Slime:6  | Entered Level 6 of the Pits of Slime
 76088 | Slime:6  | Noticed the royal jelly
 76109 | Slime:6  | Killed the royal jelly
 76109 | Slime:6  | Received a gift from Okawaru
 76117 | Slime:6  | HP: 12/272 [acid[the royal jelly] (4)]
 76118 | Slime:6  | Demolished by a death ooze

Vault maps used:
D:1:      scummos_arrival_forest
D:2:      nicolae_ru_sacrificial_ziggurat, uniq_crazy_yiuf_cottage, uniq_robin
D:3:      uniq_jessica, uniq_iyjb
D:4:      nicolae_overflow_hidden_temple, serial_bayou_ford_a,
          minmay_misc_feat_alley, nemelex_diamond_rough_becter
D:5:      lemuel_blue_sif_altar, kennysheep_mini_moat, lemuel_crystal_altar,
          first_bread, uniq_sigmund, uniq_pikel
D:6:      fedhas_altar_1, lemuel_zombie_altar_yredelemnul, uniq_grinder
D:7:      minmay_temple_entry_large_hall, uniq_joseph
D:8:      minmay_goldmine, good_gods_temple_1, serial_shops, nicolae_shop_stone,
          uniq_psyche
D:9:      dpeg_lair_monsters
D:10:     zombieorc2_lemuel, minmay_misc_feat_rugged
D:12:     basic_altar, uniq_maurice, uniq_harold
D:13:     grunt_vaults_entry_fortified, uniq_snorg
D:14:     serial_shops, shop, yredelemnul_altar_generic
D:15:     grunt_enter_depths_hoard, serial_shops, shop,
          grunt_decor_mini_mirrors, uniq_agnes
Temple:   chambers_temple_10
Lair:1:   minmay_lair_oklob_chamber
Lair:2:   lemuel_fruit_tree, bh_autumn_forest_stairs
Lair:3:   minmay_snake_entry_six_corridors, serial_bayou_pond_d,
          lemuel_centaur_altar, infiniplex_staircase_pool
Lair:4:   beast_lair_carwin_2
Lair:5:   dummy_spider_entry, lightli_volcano_entry_magma_tube
Lair:6:   swamp_mist_pool
Lair:7:   serial_bayou_pond_c, grunt_megastairs_1
Lair:8:   due_jungle_book, minmay_slime_entry_oklob_open, worms_lemuel
Swamp:1:  basic_altar
Swamp:2:  hangedman_swamp_cone, swamp_pool4, kb_tengu_band
Swamp:3:  evilmike_swamp_ruin_house_6
Swamp:4:  swamp_pestilence, uniq_mara
Snake:1:  serial_shops, shop
Snake:2:  st_stairs_1
Snake:3:  kennysheep_snake, basic_altar, portal_ice_cave_entry_ice_beasts
Snake:4:  snake_pit_salamanders_mu, st_stairs_9
Slime:3:  cheibrodos_slime_lost_civilization_2
Orc:3:    basic_altar, serial_shops, nicolae_shop_crystal,
          nicolae_orc_pool_cavern, uniq_nessos, uniq_erolcha
Orc:4:    st_orc_elflike, serial_shops, nicolae_shop_crystal, mines3_lemuel
Elf:1:    corexii_hall_statues_s, uniq_aizul
Elf:2:    roderic_lattice_octagonal_star, grunt_megastairs_4, uniq_wiglaf,
          uniq_donald
Elf:3:    minmay_elf_hall_x, guppyfry_library_mini, basic_stair_grate_trap
Vaults:1: nicolae_vaults_lopsided_apartments, hangedman_vaults_nodes, v_misc_15,
          v_misc_5, ontoclasm_vaults_bender, v_misc_9,
          ontoclasm_vaults_misaligned, nicolae_vaults_hallways_thing,
          hangedman_vaults_variations, nicolae_vaults_shelves_hall,
          nicolae_vaults_little_squares_3, ontoclasm_vaults_twist
Vaults:2: ontoclasm_vaults_spin, v_misc_3, v_misc_9,
          nicolae_vaults_little_squares_5, nicolae_vaults_alarming,
          vaults_dpeg_hooks, vaults_mumra_hexcomb,
          ontoclasm_vaults_claustrophobia, grunt_vaults_swirl,
          vaults_room_stairs_pillars
Vaults:3: ontoclasm_vaults_ring_small, ontoclasm_vaults_chip,
          ontoclasm_vaults_ring_square, st_diamondy,
          minmay_crypt_entry_simple_sparse, v_pattern_5, dpeg_vaults_monster_box
Vaults:4: nicolae_vaults_big_ls, v_rooms_6, hangedman_vaults_maws,
          vaults_room_fours, v_alt_pattern_1, ontoclasm_vaults_gateway,
          vaults_mumra_lcd, vaults_room_door_ring, nicolae_vaults_what_the_h,
          grunt_vaults_funnel, v_misc_17, vaults_room_pools,
          ontoclasm_vaults_ligature, nicolae_vaults_ring_of_whatevers,
          nicolae_vaults_little_squares_6, serial_shops, bzr_entry_customers
Vaults:5: uniq_sojobo
Depths:1: hangedman_coc_ice_floe, kennysheep_pointless_box, spider_trap,
          nicolae_good_shop, uniq_jorgrun
Depths:2: kennysheep_six_static_rooms, lightli_too_deep, rand_demon_pan_entry_5,
          minmay_misc_feat_diagonals, infiniplex_staircase_zigzag_5
Depths:3: pf_snail_temple, hell_entry, evilmike_ruin_ashenzari, enter_trove_1,
          pan_entry, serial_sigils, serial_sigils_hangedman_snap,
          serial_sigils_hangedman_scratch, serial_sigils_hangedman_gnaw,
          spider_trap, kennysheep_underground_church, uniq_frederick,
          uniq_margery
Depths:4: little_maze_vault, nicolae_abyss_entry_one_way_or_another,
          dk_noncrumbling_2, grunt_hell_entry_dis_mu, kennysheep_generic_room_3,
          uniq_boris
Depths:5: lemuel_castle_with_subvaults, enter_ziggurat_d, hell_entry,
          roderic_serpentine_path, serial_bayou_shore_b
Bazaar:   bazaar_jpeg_ribbon
IceCv:    ice_cave_small_demon
Volcano:  volcano_pools

Action                   |  1- 3 |  4- 6 |  7- 9 | 10-12 | 13-15 | 16-18 | 19-21 | 22-24 | 25-27 || total
-------------------------+-------+-------+-------+-------+-------+-------+-------+-------+-------++-------
Melee: War axe           |    99 |   231 |   379 |  1524 |   357 |       |       |       |       ||  2590
       Broad axe         |       |       |       |       |   510 |  1045 |  1180 |  1335 |  1922 ||  5992
 Cast: Regeneration      |       |       |       |       |       |       |       |       |     2 ||     2
Invok: Heroism           |       |       |       |     9 |     3 |     3 |     4 |     7 |     3 ||    29
       Finesse           |       |       |       |       |       |       |       |       |     1 ||     1
 Abil: Spit Poison       |    14 |     8 |    14 |    28 |       |       |     1 |       |       ||    65
Evoke: Wand              |       |     1 |     1 |       |       |       |     2 |     3 |     1 ||     8
  Use: Potion            |     1 |       |     5 |     6 |     8 |     7 |     4 |     3 |     5 ||    39
       Scroll            |       |     1 |     2 |     9 |    20 |    10 |     9 |    10 |    26 ||    87
 Stab: Distracted        |       |       |       |     1 |       |     1 |     1 |     1 |       ||     4
       Invisible         |       |       |       |     2 |     6 |       |       |       |       ||     8
       Confused          |       |       |       |       |       |     1 |       |       |     1 ||     2
       Sleeping          |       |       |       |       |       |       |     4 |     2 |       ||     6
  Eat: Chunk             |     1 |     7 |     7 |    17 |    10 |     9 |    11 |     6 |    11 ||    79
       Fruit             |       |       |     2 |       |     2 |     9 |    14 |     9 |     4 ||    40
       Bread ration      |       |       |       |     5 |     3 |     3 |     1 |     5 |     2 ||    19
       Pizza             |       |       |       |     1 |       |     2 |     1 |     1 |     2 ||     7
       Royal jelly       |       |       |       |       |     1 |     1 |     1 |     1 |       ||     4
       Beef jerky        |       |       |       |       |     1 |     1 |       |       |     5 ||     7
